 Dungeon Crawl Stone Soup version 0.31-a0-198-g2ad674f65e (webtiles) character file.

Game seed: 319341947716751643

61 qw the Shooter (level 3, -6/20 HPs)
             Began as a Deep Elf Hunter on June 25, 2023.
             Mangled by a gnoll
             ... wielding a +0 flail
              (7 damage)
             ... on level 3 of the Dungeon.
             The game lasted 00:00:33 (1987 turns).

qw the Shooter (Deep Elf Hunter)                    Turns: 1987, Time: 00:00:34

Health: -6/20      AC:  7    Str: 10    XL:     3   Next: 83%
Magic:  5/5        EV: 11    Int: 13    God:
Gold:   139        SH:  0    Dex: 18    Spells: 2/2 levels left

rFire   . . .        Y - +1 shortbow
rCold   . . .        (shield currently unavailable)
rNeg    . . .        g - +0 ring mail
rPois   .            b - +0 helmet
rElec   .            (no cloak)
rCorr   .            (no gloves)
SInv    .            a - +0 pair of boots
Will    .....        (no amulet)
Stlth   +            (no ring)
HPRegen 0.23/turn    (no ring)
MPRegen 0.09/turn

%: no passive effects
@: no status effects
A: no striking features
a: no special abilities


You were on level 3 of the Dungeon.
You visited 1 branch of the dungeon, and saw 3 of its levels.

You collected 139 gold pieces.


   Skills:
 - Level 1.5 Fighting
 + Level 7.3 Ranged Weapons
 - Level 2.4 Dodging
 - Level 1.2 Stealth


You had 2 spell levels left.
You didn't know any spells.
Your spell library was empty.

Inventory:

Hand Weapons
 Y - a +1 shortbow (weapon)
Armour
 a - a +0 pair of boots (worn)
 b - a +0 helmet (worn)
 g - a +0 ring mail (worn)
Scrolls
 h - 4 scrolls of poison {unknown}
 l - a scroll of teleportation
Potions
 d - a potion of invisibility {unknown}
 e - a potion of degeneration {unknown}
 f - a potion of curing {unknown}
 i - a potion of cancellation {unknown}
 j - a potion of heal wounds {unknown}

Dungeon Overview and Level Annotations

Branches:
Dungeon (3/15)

Altars:
Xom


Message History

There is an open door here.
There is an open door here.
You open the door.
There is an open door here.
You open the door.
There is an open door here.
You open the door. 4 gnolls come into view.
The gnoll shouts!
Enter note:
Enter note:
Enter note: You shoot an arrow.
The gnoll shouts!
The arrow hits the gnoll!
The gnoll is severely wounded.
You shoot an arrow. The arrow hits the gnoll!
You kill the gnoll!
You shoot an arrow. The arrow barely misses the gnoll.
The gnoll hits you from afar with a +0 halberd.
You shoot an arrow. The arrow hits the gnoll.
The gnoll is lightly wounded.
The gnoll hits you from afar with a +0 spear.
The gnoll barely misses you.
The gnoll hits you from afar with a +0 halberd.
You shoot an arrow. The arrow hits the gnoll.
The gnoll is moderately wounded.
The gnoll hits you but does no damage. The gnoll closely misses you.
The gnoll hits you from afar with a +0 halberd!
You shoot an arrow. The arrow hits the gnoll.
The gnoll is severely wounded.
The gnoll hits you but does no damage. The gnoll barely misses you.
The gnoll closely misses you.
You shoot an arrow. The arrow closely misses the gnoll.
The arrow hits the gnoll.
The gnoll is moderately wounded.
The gnoll hits you from afar with a +0 spear.
The gnoll misses you. The gnoll closely misses you. x2
The gnoll hits you with a +0 flail!
You die...

#..####...###...###..
#.###.##.##.##.##.##.
#.##...###...###...##
#.'..}..'.....'.....'
#.##...###...#+#...##
#.###.##.##.##.##.##.
#...###...###...###..
###.##g....#.....#...
#.@gg....+.....'...
#.##.....#.....#...
#..##...###...###..
##..##.##.##.##.##.
##..###...#'#...##
##..+.....'.....+
#..##...###...##
##.###.## ##.##.
#..##'# #'#..


You could see 3 gnolls.

Vanquished Creatures
  A gnoll (D:3)
  2 adders
  A dart slug (D:2)
  An orc (D:3)
  An endoplasm (D:1)
  A hobgoblin (D:2)
  2 quokkas
  5 ball pythons
  A bat (D:1)
  3 frilled lizards
  6 goblins
  4 kobolds
  5 rats
33 creatures vanquished.

Notes
Turn   | Place    | Note
-------+----------+-------------------------------------------
     0 | D:1      | qw the Deep Elf Hunter began the quest for the Orb.
     0 | D:1      | Reached XP level 1. HP: 12/12 MP: 3/3
     0 | D:1      | 0 ||| qw: Version: 0.3-a-22-g0ed2b0b
     0 | D:1      | 0 ||| qw: Game counter: 5408
     0 | D:1      | 0 ||| qw: Melee chars always use a shield: true
     0 | D:1      | 0 ||| qw: God list: Okawaru
     0 | D:1      | 0 ||| qw: Allow faded altars: false
     0 | D:1      | 0 ||| qw: Do Orc after clearing Dungeon:15 true
     0 | D:1      | 0 ||| qw: Do second Lair branch before Depths: true
     0 | D:1      | 0 ||| qw: Lair rune preference: random
     0 | D:1      | 0 ||| qw: Goals: Normal
     0 | D:1      | 0 ||| PLANNING D:1-11
   269 | D:1      | Reached XP level 2. HP: 15/16 MP: 4/4
   295 | D:1      | Reached skill level 6 in Ranged Weapons
   569 | D:1      | Found a faded altar of an unknown god.
   848 | D:1      | 848 ||| UPGRADING to +0 ring mail.
   858 | D:1      | 858 ||| DROPPING +0 leather armour.
   859 | D:1      | 859 ||| READING scroll labelled BASHEE MOCH.
   860 | D:1      | 860 ||| READING scroll labelled SAUDAIF TISIMU.
   864 | D:1      | 864 ||| DROPPING scroll of butterflies.
  1202 | D:2      | Reached XP level 3. HP: 20/20 MP: 5/5
  1604 | D:2      | 1604 ||| UPGRADING to +0 pair of boots.
  1609 | D:2      | 1609 ||| UPGRADING to +0 helmet.
  1614 | D:2      | 1614 ||| READING scroll labelled SIUKAI KEITIROCK.
  1615 | D:2      | 1615 ||| READING scroll labelled AMERUUTISK.
  1616 | D:2      | 1616 ||| READING scroll labelled FUCUIK ROTUK.
  1617 | D:2      | 1617 ||| DRINKING 2 coppery potions.
  1618 | D:2      | 1618 ||| DROPPING potion of attraction.
  1750 | D:3      | 1750 ||| READING scroll labelled KEHIUS MUUGH.
  1798 | D:3      | Found a shimmering altar of Xom.
  1882 | D:3      | Reached skill level 7 in Ranged Weapons
  1987 | D:3      | HP: 1/20 [gnoll/+0 spear (6)]
  1987 | D:3      | Mangled by a gnoll

Levels and vault maps discovered:
D:1:      lightli_arrival_farm, layout_loops_ring,
          nicolae_ecumenical_lake_church
D:2:      layout_basic
D:3:      layout_basic, mainiacjoe_overflow_24_doors,
          gammafunk_temple_overflow_wave, nicolae_hexahallways,
          reono_crystal_passage

Skill      XL: |  1  2  3 |
---------------+----------+-----
Ranged Weapons | 6 7 |  7.3
Fighting       | |  1.5
Dodging        | |  2.4
Stealth        | |  1.2

Action                     || total
---------------------------++-------
   Fire: Shortbow          ||    79
    Use: Scroll            ||     6
         Potion            ||     1
 Armour: Leather armour    ||     1
         Ring mail         ||     8
  Dodge: Dodged            ||    13

Table legend:
 A = Non-vault XP
 B = Vault XP
 C = Vault XP percentage of total XP
 D = Non-vault monster count
 E = Vault monster count
 F = Vault count percentage of total count
                 A         B        C        D         E       F
            +---------+---------+-------+---------+---------+-------
      Total |      88 |       0 |   0.0 |      33 |       0 |   0.0
            +---------+---------+-------+---------+---------+-------
        D:1 |      13 |       0 |   0.0 |      10 |       0 |   0.0
        D:2 |      34 |       0 |   0.0 |      13 |       0 |   0.0
        D:3 |      41 |       0 |   0.0 |      10 |       0 |   0.0
            +---------+---------+-------+---------+---------+-------
